 Dungeon Crawl Stone Soup version 0.20-a0-303-g575bbf7 (webtiles) character file.

239 Faca the Shield-Bearer (level 6, 0/48 HPs)
             Began as a Formicid Fighter on Dec 17, 2016.
             Was an Initiate of Okawaru.
             Succumbed to a scorpion's poison
             ... on level 4 of the Dungeon.
             The game lasted 00:10:56 (2926 turns).

Faca the Shield-Bearer (Formicid Fighter)           Turns: 2926, Time: 00:10:56

Health: 0/48       AC:  9    Str: 20    XL:     6   Next: 29%
Magic:  6/6        EV:  8    Int:  8    God:    Okawaru [......]
Gold:   175        SH:  9    Dex: 12    Spells: 5/5 levels left

rFire  . . .     SeeInvis +     a - +0 war axe
rCold  . . .     Gourm    +     b - +0 scale mail
rNeg   + . .     Faith    .     c - +0 shield
rPois  .         Spirit   .     (helmet unavailable)
rElec  .         Reflect  .     v - +0 cloak
rCorr  .         Harm     .     g - +0 pair of gloves
MR     .....                    (no boots)
Stlth  ..........               l - amulet of the gourmand
                                (no ring)
                                o - ring of positive energy

@: lethally poisoned (0 -> -14)
A: permanent stasis, dig shafts and tunnels, four strong arms, antennae 3
a: Dig, Shaft Self, Renounce Religion


You were on level 4 of the Dungeon.
You worshipped Okawaru.
Okawaru was noncommittal.
You were very full.

You visited 2 branches of the dungeon, and saw 5 of its levels.

You collected 175 gold pieces.

Inventory:

Hand Weapons
 a - a +0 war axe (weapon)
Armour
 b - a +0 scale mail (worn)
 c - a +0 shield (worn)
 g - a +0 pair of gloves (worn)
 v - a +0 cloak (worn)
Jewellery
 l - an amulet of the gourmand (around neck)
 o - a ring of positive energy (left hand)
Wands
 q - a wand of random effects (18/48)
Scrolls
 h - 4 scrolls of recharging
Potions
 d - a potion of might
 e - a potion of lignification {unknown}
 i - a potion of brilliance {unknown}
 j - a potion of invisibility
 k - a potion of magic
 m - a potion of resistance {unknown}
 n - 2 potions of agility {unknown}
 s - a potion of cancellation {unknown}
Comestibles
 f - 4 bread rations
 p - a meat ration
 r - a slice of pizza
 t - a beef jerky
 u - 2 fruits


   Skills:
 + Level 4.0 Fighting
 + Level 4.2 Axes
 + Level 4.3 Armour
 + Level 1.1 Dodging
 + Level 4.5 Shields


You had 5 spell levels left.
You didn't know any spells.

Dungeon Overview and Level Annotations

Branches:
Dungeon (4/15)             Temple (1/1) D:4

Altars:
Dithmenos
Elyvilon
Gozag
Kikubaaqudgha
Makhleb
Nemelex Xobeh
Okawaru
Qazlal
Sif Muna
Uskayaw
Vehumet
Xom
Yredelemnul
Zin
The Shining One


Innate Abilities, Weirdness & Mutations

You cannot be hasted, slowed, berserked, paralysed or teleported.
You can dig through walls and to a lower floor.
Your four strong arms can wield two-handed weapons with a shield.
You have a pair of large antennae on your head. (SInv)


Message History

The orc wizard barely misses you. The scorpion stings you.
* * * LOW HITPOINT WARNING * * *
You are poisoned.
The scorpion poisons you!
The orc priest looks braver for a moment.
The orc wizard barely misses you.
You closely miss the orc priest.
The orc priest is severely wounded.
You hit the scorpion.
You hit the orc wizard but do no damage.
You feel sick. The scorpion stings you.
* * * LOW HITPOINT WARNING * * *
You are more poisoned.
The scorpion poisons you! You block the orc priest's attack.
You block the orc wizard's attack. The scorpion barely misses you.
The orc wizard casts a spell at you. The magic dart hits you!
* * * LOW HITPOINT WARNING * * *
It was a potion of magic.
Magic courses through your body.
You die...

..... # ..... #.
...... .##.#
...... .....
######......
...... ...........
......###.........
..........>.##
......o@s<...###
.......o.).?....#
..###.......###..#
#.............
.........#### #
##.#......#
..[#.#.##%#
###.#...# .# #...#
.#


You could see a scorpion, an orc priest and an orc wizard.

Vanquished Creatures
  Crazy Yiuf (D:3)
  An orc priest (D:3)
  An orc wizard (D:3)
  3 gnolls (D:3)
  3 adders
  A shadow imp (D:3)
  4 worms
  A dart slug (D:1)
  10 orcs
  4 hobgoblins
  11 kobolds
  3 quokkas (D:3)
  3 ball pythons
  4 bats
  5 frilled lizards
  7 goblins
  9 rats
71 creatures vanquished.

Notes
Turn   | Place    | Note
-------+----------+-------------------------------------------
     0 | D:1      | Faca the Formicid Fighter began the quest for the Orb.
     0 | D:1      | Reached XP level 1. HP: 18/18 MP: 1/1
   141 | D:1      | Reached XP level 2. HP: 24/24 MP: 2/2
   601 | D:2      | Reached XP level 3. HP: 29/29 MP: 3/3
   602 | D:2      | Found a faded altar of an unknown god.
   942 | D:2      | Reached XP level 4. HP: 35/35 MP: 4/4
  1632 | D:3      | Reached XP level 5. HP: 39/42 MP: 5/5
  1868 | D:3      | Found a shadowy altar of Dithmenos.
  1925 | D:3      | Found a runed door.
  2076 | D:3      | Found a glowing silver altar of Zin.
  2212 | D:3      | Reached skill level 1 in Dodging
  2215 | D:3      | Reached XP level 6. HP: 21/48 MP: 6/6
  2469 | D:3      | Noticed Crazy Yiuf
  2477 | D:3      | Killed Crazy Yiuf
  2716 | D:4      | Found a staircase to the Ecumenical Temple.
  2719 | Temple   | Entered the Ecumenical Temple
  2852 | Temple   | Became a worshipper of Warmaster Okawaru
  2925 | D:4      | HP: 1/48 [orc wizard/magic dart (5)]
  2926 | D:4      | Succumbed to a scorpion's poison

Vault maps used:
D:1:      matt_arrival_los_fun
D:2:      chequers_ecumenical_altar_simple_redux, kennysheep_decorative_pillar,
          item_on_display_b
D:3:      nicolae_dithmenos_through_a_glass_darkly, zin_scriptorium,
          first_bread, uniq_crazy_yiuf_cottage
D:4:      tgw_fedhas, cheibriados_altar_wand_db, nicolae_overflow_crystal_walls,
          serial_park_tiny_1
Temple:   nicolae_temple_figure_eight

Skill      XL: |  1  2  3  4  5  6 |
---------------+-------------------+-----
Shields        | 4 |  4.5
Axes           | 3 4 |  4.2
Armour         | 4 |  4.3
Fighting       | 4 |  4.0
Dodging        | 1 |  1.1

Action                   |  1- 3 |  4- 6 || total
-------------------------+-------+-------++-------
Melee: War axe           |    70 |   124 ||   194
       Unarmed           |       |     1 ||     1
 Abil: Dig               |       |     1 ||     1
  Use: Scroll            |     4 |     5 ||     9
       Potion            |       |     2 ||     2
  Eat: Chunk             |     2 |    14 ||    16
Armor: Scale mail        |    23 |    45 ||    68
Dodge: Dodged            |    26 |    40 ||    66
Block: Shield            |    35 |    61 ||    96
